 Dungeon Crawl Stone Soup version 0.20.1-1-g8b1a95d (webtiles) character file.

102 Charly the Chopper (level 4, -12/38 HPs)
             Began as a Minotaur Assassin on July 25, 2017.
             Was an Initiate of Makhleb.
             Killed by divine providence
             ... invoked by an orc priest
              (14 damage)
             ... on level 5 of the Dungeon.
             The game lasted 00:11:24 (1095 turns).

Charly the Chopper (Minotaur Assassin)              Turns: 1095, Time: 00:11:26

Health: -12/38     AC: 11    Str: 15    XL:     4   Next: 49%
Magic:  3/3        EV:  4    Int:  8    God:    Makhleb [......]
Gold:   26         SH:  0    Dex: 13    Spells: 3/3 levels left

rFire    + . .     SeeInvis .   s - +0 war axe (curse)
rCold    . . .     Gourm    .   (no shield)
rNeg     . . .     Faith    +   j - +0 plate armour
rPois    .         Spirit   .   (helmet restricted)
rElec    .         Reflect  .   d - +0 cloak
rCorr    .         Harm     .   (no gloves)
MR       .....                  (no boots)
Stlth    ..........             m - amulet of faith
Regen    0.2/turn               l - ring of protection from fire (curse)
MPRegen  0.1/turn               (no ring)

@: lethally poisoned (-12 -> -27)
A: retaliatory headbutt, horns 2
a: Renounce Religion


You were on level 5 of the Dungeon.
You worshipped Makhleb.
Makhleb was noncommittal.
You were not hungry.

You visited 1 branch of the dungeon, and saw 6 of its levels.

You collected 26 gold pieces.

Inventory:

Hand Weapons
 a - a +0 hand axe
 b - a +0 blowgun
 n - a +2 dagger
 s - a cursed +0 war axe (weapon)
Missiles
 e - 35 poisoned needles
 f - 6 curare-tipped needles
Armour
 d - a +0 cloak (worn)
 j - a +0 plate armour (worn)
Jewellery
 i - an uncursed amulet of guardian spirit
 l - a cursed ring of protection from fire (left hand)
 m - an amulet of faith (around neck)
Wands
 h - a wand of disintegration (0/24)
Scrolls
 q - a scroll of blinking
Potions
 c - a potion of flight
 t - a potion of brilliance
Comestibles
 g - a bread ration


   Skills:
 - Level 3.0 Fighting
 - Level 2.1 Short Blades
 + Level 4.3 Axes
 - Level 2.0 Throwing
 - Level 1.3 Armour
 - Level 1.1 Dodging
 - Level 3.2 Stealth


You had 3 spell levels left.
You didn't know any spells.

Dungeon Overview and Level Annotations

Branches:
Dungeon (6/15)
 Temple: D:4-7

Altars:
Makhleb


Innate Abilities, Weirdness & Mutations

You reflexively headbutt those who attack you in melee.
You have a pair of horns on your head.


Message History

You feel sick.
The ice beast hits you but does no damage.
An orc priest comes into view. It is wielding a trident.
The orc priest shouts!
A leopard gecko, 2 orcs, an orc priest and an orc wizard come into view.
An orc is wielding a whip of venom.
* * * LOW HITPOINT WARNING * * *
You feel sick.
The orc wizard shouts!
The orc priest shouts!
The orc shouts!
The orc wizard gestures wildly while chanting.
The orc wizard blinks!
An orc wizard comes into view. It is wielding a dagger.
An orc comes into view. It is wielding a flail.
The orc shouts!
The orc wizard shouts!
The orc hits you with a whip of venom.
* * * LOW HITPOINT WARNING * * *
You are more poisoned.
The orc priest invokes the aid of Beogh against you.
Beogh smites you!
You die...

#.######(##.#.#######.###.#####.
#.######........s.[.#.###.# #..
#.....#############.#.....# #..
#####.# #...##### #.. #.# ###.#
#.. #####s# ####### ..... #..
#...#.# #.....# .##.#.# ####..
#.#...# #.....###...............
#...### #......@oo.##.[ ........
##.## #...Ys##...##.s.........
#.# #.....##..ol.....#####.. #.#
##.....#..o.o.. #..
#.#######.###.#...o#.. #..
#......##.###.#..o.... #..
#......##.#.Y...>..### #..
#......##.#.#.###.##
##.....##.#.#.#


You could see an ice beast, a scorpion, 2 orc priests, 2 orc wizards, 3 orcs and
a leopard gecko.

Vanquished Creatures
  A hound (D:4)
  An adder (D:4)
  4 gnolls
  A leopard gecko (D:4)
  7 orcs
  3 hobgoblins (D:4)
  A frilled lizard (D:3)
  3 kobolds
  A quokka skeleton (D:4)
  A rat (D:2)
23 creatures vanquished.

Notes
Turn   | Place    | Note
-------+----------+-------------------------------------------
     0 | D:1      | Charly the Minotaur Assassin began the quest for the Orb.
     0 | D:1      | Reached XP level 1. HP: 18/18 MP: 0/0
   171 | D:3      | Reached skill level 1 in Armour
   173 | D:3      | Reached XP level 2. HP: 23/25 MP: 1/1
   262 | D:4      | Reached skill level 1 in Axes
   300 | D:3      | Found a burning altar of Makhleb.
   308 | D:3      | Became a worshipper of Makhleb the Destroyer
   368 | D:5      | Entered Level 5 of the Dungeon
   387 | D:5      | Noticed an ice beast
   474 | D:4      | Reached skill level 3 in Axes
   474 | D:4      | Reached XP level 3. HP: 16/31 MP: 2/2
   614 | D:3      | Noticed a scorpion
   653 | D:4      | Reached XP level 4. HP: 11/38 MP: 3/3
   822 | D:5      | Reached skill level 4 in Axes
  1095 | D:5      | Killed from afar by an orc priest

Skill      XL: |  1  2  3  4 |
---------------+-------------+-----
Armour         | 1 |  1.3
Fighting       | 3 |  3.0
Axes           | 3 4 |  4.3
Short Blades   | |  2.1
Throwing       | |  2.0
Dodging        | |  1.1
Stealth        | |  3.2

Action                   |  1- 3 |  4- 6 || total
-------------------------+-------+-------++-------
Melee: Dagger            |    13 |       ||    13
       Headbutt          |     5 |     5 ||    10
       War axe           |    32 |    21 ||    53
       Hand axe          |     9 |       ||     9
Evoke: Wand              |       |     1 ||     1
  Use: Scroll            |     1 |     7 ||     8
       Potion            |       |     2 ||     2
  Eat: Royal jelly       |     1 |       ||     1
Armor: Plate armour      |    41 |    14 ||    55
       Robe              |     1 |       ||     1
Dodge: Dodged            |    21 |    11 ||    32
